 Dungeon Crawl Stone Soup version 0.28.0 (webtiles) character file.

Game seed: 6520333462335584980

32 Illumine the Sneak (level 3, -1/19 HPs)
             Began as a Gargoyle Enchanter on Feb 12, 2022.
             Slain by Natasha (2 damage)
             ... on level 2 of the Dungeon.
             The game lasted 00:02:08 (1518 turns).

Illumine the Sneak (Gargoyle Enchanter)             Turns: 1518, Time: 00:02:08

Health: -1/19      AC:  5    Str: 11    XL:     3   Next: 27%
Magic:  4/6        EV: 11    Int: 17    God:
Gold:   18         SH:  0    Dex: 10    Spells: 4/6 levels left

rFire   . . .      SeeInvis .   a - +1 dagger
rCold   . . .      Faith    .   (no shield)
rNeg    + . .      Spirit   .   b - +0 robe
rPois   ∞          Reflect  .   (no helmet)
rElec   +          Harm     .   (no cloak)
rCorr   .          Rampage  .   (no gloves)
Will    .....                   (no boots)
Stlth   ++........              (no amulet)
HPRegen 0.06/turn               (no ring)
MPRegen 0.10/turn               (no ring)

@: no status effects
A: sickness immunity, AC +3, negative energy resistance 1, electricity
resistance, torment resistance 1, petrification resistance
a: no special abilities


You were on level 2 of the Dungeon.
You visited 1 branch of the dungeon, and saw 2 of its levels.

You collected 18 gold pieces.

Inventory:

Hand Weapons
 a - a +1 dagger (weapon)
Missiles
 g - 24 stones (quivered)
 h - 5 poisoned darts
Armour
 b - a +0 robe (worn)
Scrolls
 e - a scroll of teleportation {unknown}
 f - a scroll of enchant weapon {unknown}
Potions
 c - a potion of invisibility
 d - a potion of curing {unknown}
 i - a potion of heal wounds {unknown}
 j - a potion of mutation {unknown}


   Skills:
 + Level 2.0 Short Blades
 - Level 1.5 Dodging
 + Level 4.2 Stealth
 - Level 2.0 Spellcasting
 - Level 2.6 Hexes


You had 4 spell levels left.
You knew the following spells:

 Your Spells              Type           Power      Damage    Failure   Level
a - Ensorcelled Hibernat  Hex/Ice        12%        N/A       17%         2

Your spell library contained the following spells:

 Spells                   Type           Power      Damage    Failure   Level
 Confusing Touch          Hex            10%        N/A       19%         3
 Tukima's Dance           Hex            10%        N/A       19%         3
 Dazzling Flash           Conj/Hex       12%        N/A       32%         3


Dungeon Overview and Level Annotations

Branches:
Dungeon (2/15)

Altars:

Annotations:
D:2 Natasha


Innate Abilities, Weirdness & Mutations

You are immune to sickness and miasma.
Your stone body is resilient. (AC +3)
You are immune to poison.
You resist negative energy. (rN+)
You are resistant to electric shocks. (rElec)
You are resistant to unholy torment.
You are immune to petrification.


Message History

Casting: Ensorcelled Hibernation (safe; 17% risk of failure)
Confirm with . or Enter, or press ? or * to list all spells.
Aiming: Ensorcelled Hibernation (safe; 17% risk of failure)
Press: ? - help, Shift-Dir - straight line, f - Natasha
Aim: Natasha (chance to affect: 39%) Natasha looks drowsy...
The bat hits you but does no damage. The bat barely misses you.
The hobgoblin hits you but does no damage.
The helpless Natasha fails to defend herself.
You puncture Natasha!
Natasha is almost dead.
The bat completely misses you. The bat closely misses you.
The hobgoblin completely misses you. Natasha claws you.
You hit Natasha.
Natasha is almost dead.
The bat hits you but does no damage.
The hobgoblin hits you but does no damage.
Natasha closely misses you.
You barely miss Natasha.
Natasha is almost dead.
The bat barely misses you. The hobgoblin hits you.
The bat hits you but does no damage. Natasha casts a spell at you.
The magic dart hits you.
* * * LOW HITPOINT WARNING * * *
You barely miss Natasha.
Natasha is almost dead.
The bat barely misses you. The hobgoblin closely misses you.
The bat hits you but does no damage.
Natasha stares at you and mumbles some strange words.
The magic dart hits you.
* * * LOW HITPOINT WARNING * * *
You hit the bat.
You kill the bat!
The hobgoblin barely misses you.
Unknown command.
You hit Natasha but do no damage.
Natasha is almost dead.
Natasha claws you.
You die...

. ... ..# #. ..##
#.# .# ##...# #.# .#
#..#.# #.# .##....
#.# ##....# #.#
##..#.# ##.####
..#....h#####..##.##
#......g@†....[....#
#.##....#####.###.##
#>>...... #.# #.#
#####.#..# #.#
#.##### #.#..# #.#
#.....# #.#..# #.#
#####.# #....# #.#
#.# #.## #.# #.# #.#
#.#


You could see Natasha and a hobgoblin.

Vanquished Creatures
  A worm (D:2)
  A dart slug (D:1)
  2 ball pythons (D:1)
  5 bats
  4 endoplasms (D:1)
  2 giant cockroaches
  A goblin (D:1)
  2 hobgoblins (D:1)
  A quokka (D:1)
  A frilled lizard (D:1)
  2 kobolds (D:1)
  3 rats (D:1)
25 creatures vanquished.

Notes
Turn   | Place    | Note
-------+----------+-------------------------------------------
     0 | D:1      | Illumine the Gargoyle Enchanter began the quest for the
                  | Orb.
     0 | D:1      | Reached XP level 1. HP: 10/10 MP: 3/3
    13 | D:1      | Reached skill level 1 in Short Blades
   485 | D:1      | Reached XP level 2. HP: 15/15 MP: 5/5
   500 | D:1      | Learned a level 2 spell: Ensorcelled Hibernation
  1039 | D:1      | Reached skill level 4 in Stealth
  1215 | D:1      | Reached XP level 3. HP: 19/19 MP: 6/6
  1363 | D:2      | Noticed a scorpion
  1365 | D:2      | Found a faded altar of an unknown god.
  1505 | D:2      | Noticed Natasha
  1518 | D:2      | Slain by Natasha

Illustrated notes

Levels and vault maps discovered:
D:1:      dpeg_arrival_court, layout_basic
D:2:      layout_loops_ring, serial_shops, shop,
          hellmonk_ecumenical_altar_lost_god, uniq_robin, uniq_natasha

Skill      XL: |  1  2  3 |
---------------+----------+-----
Short Blades   | 1 2 |  2.0
Stealth        | 4 |  4.2
Dodging        | |  1.5
Spellcasting   | |  2.0
Hexes          | |  2.6

Action                   || total
-------------------------++-------
Melee: Dagger            ||    74
       Punch             ||     2
 Cast: Ensorcelled Hiber ||     3
 Stab: Sleeping          ||     9
Armor: Robe              ||    24
Dodge: Dodged            ||    42
